 Dungeon Sprint DCSS version 0.30.1-4-g462c640d31 (webtiles) character file.

Game seed: 17595726012005117447

5024 Heoruswealwe the Unseen (level 10, -4/44 HPs)
             Began as a Spriggan Artificer on Aug 29, 2023.
             Was an Initiate of Sif Muna.
             Shot with an arrow by a centaur warrior (17 damage)
             ... in the Dungeon (Sprint I: "Red Sonja").
             The game lasted 00:08:52 (525 turns).

Heoruswealwe the Unseen (Spriggan Artificer)         Turns: 525, Time: 00:08:53

Health: -4/44      AC:  4    Str:  8    XL:     10   Next: 30%
Magic:  11/11      EV: 35    Int: 15    God:    Sif Muna [......]
Gold:   411        SH:  0    Dex: 18    Spells: 9/9 levels left

rFire   . . .        a - +0 short sword (venom)
rCold   . . .        (no shield)
rNeg    . . .        c - +2 robe {Archmagi}
rPois   .            (helmet restricted)
rElec   .            (no cloak)
rCorr   .            (gloves unavailable)
SInv    +            (boots unavailable)
Will    +....        (no amulet)
Stlth   ++++++++     k - ring of wizardry
HPRegen 0.27/turn    j - +5 ring of evasion
MPRegen 0.12/turn

%: no teleportation, wizardry (x1), archmagi
@: very quick
A: very small, no large weapons, unfitting armour, see invisible, speed 3
a: Renounce Religion


You were in the Dungeon.
You worshipped Sif Muna.
Sif Muna was noncommittal.
You visited 1 branch You collected 770 gold pieces.
You spent 323 gold pieces at shops.
You donated 36 gold pieces to Zin.

Inventory:

Hand Weapons
 a - a +0 short sword of venom (weapon)
Armour
 c - a +2 robe of the Archmagi (worn)
Jewellery
 j - a +5 ring of evasion (right hand)
 k - a ring of wizardry (left hand)
Wands
 d - a wand of charming (15)
 l - a wand of digging (7)
 n - a wand of flame (1) (quivered)
 r - a wand of paralysis (6)
Scrolls
 b - 3 scrolls of identify {unknown}
 o - a scroll of blinking
 q - a scroll of fog {unknown}
Potions
 f - 3 potions of curing
 g - a potion of heal wounds
 h - a potion of haste
 i - 2 potions of magic
 m - a potion of invisibility {unknown}
 p - a potion of berserk rage


   Skills:
 - Level 0.7 Fighting
 + Level 16.2 Dodging
 + Level 20.5 Stealth
 + Level 13.9 Transmutations
 + Level 16.3 Evocations


You had 9 spell levels left.
You didn't know any spells.
Your spell library was empty.

Dungeon Overview and Level Annotations

Branches:
Dungeon (1/1)

Altars:
Cheibriados
Dithmenos
Elyvilon
Fedhas
Gozag
Hepliaklqana
Kikubaaqudgha
Nemelex Xobeh
Okawaru
Qazlal
Ru
Sif Muna
Trog
Uskayaw
Vehumet
Wu Jian
Yredelemnul
Zin
The Shining One

Shops:
D :**===[


Innate Abilities, Weirdness & Mutations

You are very small and have problems with some larger weapons.
You are too small for most types of armour.
You have supernaturally acute eyesight. (SInv)
You cover ground extremely quickly. (Speed+++)


Message History

p - a +5 ring of evasion Adjust to which letter? (? for menu, Esc to quit)
j - a +5 ring of evasion;
p - a potion of berserk rage
j - a +5 ring of evasion (right hand)
There is an entrance to Ludes's Armour Emporium here.
There is an open door here.
You open the door.
Found three items.
Found a curved lead wand.
There is an open door here.
b - 3 scrolls labelled YGIBBU DIOSENI (gained 1)
You see here a +0 scale mail.
q - a scroll labelled OSMUNO LADDET
r - a wand of paralysis (6)
You see here a +0 scale mail.
You open the door.
A centaur warrior comes into view.
The centaur warrior moves out of view.
Found a scroll labelled YGIBBU DIOSENI and a scroll labelled XEFAEPL HAOKI.
There is an open door here.
You enter the shallow water.
Moving in this stuff is going to be slow.
A centaur warrior comes into view.
The centaur warrior wields a +0 shortbow.
The centaur warrior shoots an arrow.
The arrow hits you!
The centaur warrior shouts!
Aiming: Iceblast
Press: ? - help, Shift-Dir - straight line The mass of ice explodes!
The iceblast engulfs the centaur warrior!!!
The centaur warrior is almost dead.
The iceblast engulfs the centaur warrior!!
The centaur warrior is moderately wounded.
The now-empty wand crumbles to dust.
The centaur warrior wields a +0 longbow.
The centaur warrior shoots an arrow.
The arrow closely misses you.
The centaur warrior shoots an arrow.
The arrow hits you!!
* * * LOW HITPOINT WARNING * * *
The centaur warrior shoots an arrow.
The arrow hits you!
You die...

###############
<.#..'..#.['..#
..)..#..'..#..+
.)#####'#####'# ###
..####..#...#(####??#
..#__####..##.#~~§§§#
..#_____##'#_.+~§§c§+
⌠⌠#_.∩...'..._#§§§c§#
#.#_..__##_.#'##@####
..#_____###)#(#§§..###
###########.####§###.##
∩........'...'.....'.∩#
##''''####...##########
.......####.###
........#.#'#.#
..#.....#.....#
........#.[.[.#


You could see 2 centaur warriors.

Vanquished Creatures
  Sonja (D)
  A deep troll (D)
  8 shining eyes (D)
  Sigmund (D)
  A yak (D)
  4 floating eyes (D)
  An ogre (D)
  A jelly (D)
  Ijyb (D)
19 creatures vanquished.

Vanquished Creatures (others)
  2 ballistomycete spores (D)
2 creatures vanquished.

Grand Total: 21 creatures vanquished

Notes
Turn   | Place    | Note
-------+----------+-------------------------------------------
     0 | D        | Heoruswealwe the Spriggan Artificer began the quest for the
                  | Orb.
     0 | D        | Reached XP level 1. HP: 9/9 MP: 2/2
     1 | D        | Noticed Ijyb
     4 | D        | Killed Ijyb
     5 | D        | Reached skill level 6 in Stealth
     5 | D        | Reached skill level 5 in Evocations
     5 | D        | Reached XP level 2. HP: 14/14 MP: 3/3
    30 | D        | Noticed an ogre
    39 | D        | Killed an ogre
    40 | D        | Reached skill level 10 in Stealth
    40 | D        | Reached XP level 3. HP: 17/17 MP: 4/4
    40 | D        | Reached XP level 4. HP: 21/21 MP: 5/5
    54 | D        | Noticed Sigmund
    55 | D        | Killed Sigmund
    56 | D        | Reached skill level 13 in Stealth
    56 | D        | Reached XP level 5. HP: 25/25 MP: 6/6
    81 | D        | Found an ornate altar of the Wu Jian Council.
    81 | D        | Found a shimmering blue altar of Sif Muna.
    85 | D        | Reached skill level 1 in Transmutations
    85 | D        | Reached XP level 6. HP: 29/29 MP: 7/7
    85 | D        | Found a radiant altar of Vehumet.
   110 | D        | Found Viynwy's Jewellery Emporium.
   110 | D        | Found an ancient bone altar of Kikubaaqudgha.
   110 | D        | Found a hazy altar of Hepliaklqana.
   110 | D        | Found a stormy altar of Qazlal.
   110 | D        | Found a hide-covered altar of Uskayaw.
   110 | D        | Found a blossoming altar of Fedhas.
   110 | D        | Found a bloodstained altar of Trog.
   110 | D        | Found an iron altar of Okawaru.
   110 | D        | Found a basalt altar of Yredelemnul.
   110 | D        | Found a glowing golden altar of the Shining One.
   110 | D        | Found a snail-covered altar of Cheibriados.
   110 | D        | Found a sacrificial altar of Ru.
   110 | D        | Found a glowing silver altar of Zin.
   110 | D        | Found a shadowy altar of Dithmenos.
   110 | D        | Found a white marble altar of Elyvilon.
   110 | D        | Noticed a yak
   128 | D        | Killed a yak
   129 | D        | Reached skill level 10 in Dodging
   129 | D        | Reached skill level 14 in Stealth
   129 | D        | Reached skill level 10 in Evocations
   139 | D        | Found an opulent altar of Gozag.
   140 | D        | Found a sparkling altar of Nemelex Xobeh.
   145 | D        | Became a worshipper of Zin the Law-Giver
   145 | D        | Reached * piety under Zin
   145 | D        | Reached ** piety under Zin
   145 | D        | Reached *** piety under Zin
   145 | D        | Reached **** piety under Zin
   145 | D        | Reached ***** piety under Zin
   145 | D        | Reached ****** piety under Zin
   154 | D        | Noticed Sonja
   156 | D        | Killed Sonja
   157 | D        | Reached skill level 16 in Stealth
   157 | D        | Reached XP level 7. HP: 32/32 MP: 8/8
   176 | D        | Found Geaci's Book Boutique.
   186 | D        | Noticed a shining eye
   186 | D        | Noticed a shining eye
   186 | D        | Noticed a shining eye
   186 | D        | Noticed a shining eye
   186 | D        | Noticed a shining eye
   186 | D        | Noticed a shining eye
   187 | D        | Paralysed by a floating eye for 2 turns
   191 | D        | Reached XP level 8. HP: 37/37 MP: 9/9
   195 | D        | Paralysed by a floating eye for 2 turns
   197 | D        | Noticed a shining eye
   197 | D        | Noticed a shining eye
   207 | D        | Reached skill level 17 in Stealth
   238 | D        | Killed a shining eye
   239 | D        | Reached skill level 10 in Transmutations
   254 | D        | Killed a shining eye
   255 | D        | Reached skill level 18 in Stealth
   255 | D        | Reached XP level 9. HP: 40/40 MP: 10/10
   278 | D        | Killed a shining eye
   291 | D        | Killed a shining eye
   292 | D        | Reached skill level 19 in Stealth
   307 | D        | Killed a shining eye
   308 | D        | Reached skill level 15 in Dodging
   308 | D        | Reached skill level 15 in Evocations
   324 | D        | Killed a shining eye
   345 | D        | Killed a shining eye
   346 | D        | Reached skill level 20 in Stealth
   346 | D        | Reached XP level 10. HP: 44/44 MP: 11/11
   369 | D        | Killed a shining eye
   380 | D        | Fell from the grace of Zin
   380 | D        | Became a worshipper of Sif Muna the Loreminder
   406 | D        | Found Loosis's General Store.
   406 | D        | Found Imuakeota's Jewellery Shop.
   406 | D        | Found Pideoc's Assorted Antiques.
   406 | D        | Found Xoehenk's Jewellery Boutique.
   412 | D        | Bought a scroll labelled YGIBBU DIOSENI for 23 gold pieces
   421 | D        | Bought a ring of wizardry for 300 gold pieces
   483 | D        | Noticed a deep troll
   487 | D        | Killed a deep troll
   497 | D        | Found Ludes's Armour Emporium.
   521 | D        | Noticed a centaur warrior
   523 | D        | Noticed a centaur warrior
   525 | D        | Shot with an arrow by a centaur warrior

Illustrated notes

Levels and vault maps discovered:
D:        dungeon_sprint_1 [red_sonja_temple_1, red_sonja_temple_small_1]

Skill      XL: |  1  2  3  4  5  6  7  8  9 10 |
---------------+-------------------------------+-----
Dodging        | 4 6 8 9 11 12 13 15 16 | 16.2
Stealth        | 6 10 13 16 18 20 | 20.5
Evocations     | 5 7 9 12 13 15 16 | 16.3
Transmutations | 1 7 8 10 13 | 13.9
Fighting       | |  0.7

Action                     |  1- 3 |  4- 6 |  7- 9 | 10-12 || total
---------------------------+-------+-------+-------+-------++-------
  Melee: Short sword       |       |       |   132 |    21 ||   153
         Punch             |       |       |     8 |     1 ||     9
  Evoke: Wand              |     7 |    12 |       |     1 ||    20
   Stab: Sleeping          |       |       |     2 |     1 ||     3
  Dodge: Dodged            |       |     2 |       |     1 ||     3
